 Dungeon Crawl Stone Soup version 0.29-a0-582-ge82337ba6a (webtiles) character file.

Game seed: 17729101695608454860

3138 avis the Archer (level 9, 0/61 (71) HPs)
             Began as a Demigod Hunter on June 15, 2022.
             Slain by an orc warrior
             ... wielding a +0 flail
              (7 damage)
             ... on level 8 of the Dungeon.
             The game lasted 00:46:55 (8796 turns).

avis the Archer (Demigod Hunter)                    Turns: 8796, Time: 00:46:56

HP:   0/61 (71)     AC: 12    Str: 12    XL:     9   Next: 35%
MP:   11/11         EV: 13    Int: 15    God:
Gold: 223           SH:  0    Dex: 29    Spells: 5/8 levels left

rFire   . . .      SeeInvis .   b - +6 whip of Due Proportion {protect, *Noise rPois Int+4}
rCold   . . .      Faith    .   (no shield)
rNeg    . . .      Spirit   .   t - +0 leather armour
rPois   +          Reflect  .   p - +0 helmet
rElec   .          Harm     .   (no cloak)
rCorr   .          Rampage  .   (no gloves)
Will    .....                   I - +0 pair of boots {Fly}
Stlth   +++.......              l - amulet of the acrobat
HPRegen 0.20/turn               (no ring)
MPRegen 0.12/turn               (no ring)

@: under a protective aura, flying, heavily drained
A: high MP 1, forlorn, divine attributes
a: no special abilities


You were on level 8 of the Dungeon.
You visited 2 branches of the dungeon, and saw 9 of its levels.

You collected 223 gold pieces.

Inventory:

Hand Weapons
 a - a +2 shortbow
 b - the +6 whip of Due Proportion (weapon) {protect, *Noise rPois Int+4}
   (You found it on level 3 of the Dungeon)

   It grants its wielder temporary protection when it strikes (+7 to AC).
   Int:       It affects your intelligence (+4).
   rPois:     It protects you from poison.
   *Noise:    It may make noises in combat.
 c - a +3 trident
 w - a +2 dagger of holy wrath
Missiles
 i - 20 poisoned darts (quivered)
 m - 6 atropa-tipped darts
 y - 2 throwing nets
 F - 3 boomerangs
Armour
 p - a +0 helmet (worn)
 t - a +0 leather armour (worn)
 I - a +0 pair of boots of flying (worn)
Jewellery
 l - an amulet of the acrobat (around neck)
Wands
 r - a wand of mindburst (20)
Scrolls
 f - a scroll of fog {unknown}
 k - 2 scrolls of silence
 v - a scroll of poison {unknown}
 D - a scroll of enchant armour {unknown}
 K - a scroll of teleportation
Potions
 d - 2 potions of haste
 h - 4 potions of might
 j - 6 potions of curing
 u - 2 potions of brilliance
 z - 3 potions of lignification
 H - 2 potions of flight
 J - a potion of resistance


   Skills:
 - Level 4.0 Fighting
 * Level 11.6 Bows
 - Level 2.0 Dodging
 - Level 4.0 Stealth
 - Level 2.0 Air Magic


You had 5 spell levels left.
You knew the following spells:

 Your Spells              Type           Power      Damage    Failure   Level
f - Swiftness             Air            6%         N/A       41%         3

Your spell library contained the following spells:

 Spells                   Type           Power      Damage    Failure   Level
 Shock                    Conj/Air       12%        1d3       22%         1
 Ensorcelled Hibernation  Hex/Ice        0%         N/A       45%         2
 Spider Form              Tmut/Pois      0%         N/A       71%         3
 Airstrike                Air            3%         N/A       83%         4
 Anguish                  Hex/Necr       0%         N/A       98%         4
 Enfeeble                 Hex            0%         N/A       100%        7


Dungeon Overview and Level Annotations

Branches:
Dungeon (8/15)             Temple (1/1) D:7
   Lair: D:8-11


Innate Abilities, Weirdness & Mutations

You have an increased reservoir of magic. (+10% MP)
You shall have no god before yourself.
Your divine heritage dramatically boosts your attributes as you level up.


Message History

The orc warrior hits you with a +0 flail.
The orc warrior hits you but does no damage.
You hit the orc warrior.
The orc warrior is heavily wounded.
The orc warrior hits you with a +0 flail!
You hit the orc warrior but do no damage.
The orc warrior is heavily wounded.
The orc warrior hits you with a +0 flail.
You hit the orc warrior but do no damage.
The orc warrior is heavily wounded.
The orc warrior misses you.
You barely miss the orc warrior.
The orc warrior is heavily wounded.
The orc warrior closely misses you.
You barely miss the orc warrior.
The orc warrior is heavily wounded.
The orc warrior misses you.
You hit the orc warrior but do no damage.
The orc warrior is heavily wounded.
The orc warrior hits you with a +0 flail.
You hit the orc warrior.
The orc warrior is heavily wounded.
The orc warrior hits you with a +0 flail.
* * * LOW HITPOINT WARNING * * *
You hit the orc warrior but do no damage.
The orc warrior is heavily wounded.
The orc warrior barely misses you.
You whack the orc warrior!
The orc warrior is almost dead.
The orc warrior hits you with a +0 flail.
* * * LOW HITPOINT WARNING * * *
You hit the orc warrior but do no damage.
The orc warrior is almost dead.
The orc warrior barely misses you.
The orc warrior hits you with a +0 flail!
* * * LOW HITPOINT WARNING * * *
You hit the orc warrior.
The orc warrior is almost dead.
The orc warrior hits you with a +0 flail!
You die...

########## #####.#
.........# #...#.#
.........# #...#.#
......$..####...#.#
..................####
..........#..........###
.....z....#†#..........##
..........#[#.......##..##
..........#@#......##....#
......z...#o#......#._...#
....z.....#.#......##....#
....##+#.#.#.......##..##
..+.>........##
#.#........### #.# .....#
#.# ..... #.# #..


You could see an orc warrior.

Vanquished Creatures
  Prince Ribbit (D:5)
  Grinder (D:4)
  3 water moccasins
  An orc warrior (D:6)
  3 black bears
  An ice beast (D:5)
  2 ogres
  3 phantoms
  A kobold brigand (D:5)
  5 bullfrogs
  3 scorpions
  5 wights
  An orc priest (D:6)
  A gnoll shaman (D:7)
  3 hounds
  6 iguanas
  Terence (D:2)
  Natasha (thrice) (D:4)
  3 orc wizards
  Robin (D:2)
  7 gnolls
  8 adders
  4 worms (D:2)
  7 dart slugs
  20 orcs
  7 ball pythons
  5 endoplasms
  6 giant cockroaches
  5 hobgoblins
  9 kobolds
  5 quokkas
  6 bats
  6 frilled lizards
  14 goblins
  3 rats
160 creatures vanquished.

Vanquished Creatures (others)
  12 fungi (D:8)
  14 plants
26 creatures vanquished.

Grand Total: 186 creatures vanquished

Notes
Turn   | Place    | Note
-------+----------+-------------------------------------------
     0 | D:1      | avis the Demigod Hunter began the quest for the Orb.
     0 | D:1      | Reached XP level 1. HP: 17/17 MP: 3/3
   105 | D:1      | Reached skill level 4 in Bows
   105 | D:1      | Reached skill level 1 in Stealth
   167 | D:1      | Reached XP level 2. HP: 24/24 MP: 4/4
   532 | D:2      | Reached XP level 3. HP: 29/29 MP: 5/5
   714 | D:2      | Noticed Robin
   746 | D:2      | Killed Robin
  1262 | D:2      | Reached skill level 5 in Bows
  1262 | D:2      | Reached XP level 4. HP: 36/36 MP: 6/6
  2134 | D:3      | Noticed Terence
  2141 | D:2      | Killed Terence
  2433 | D:3      | Reached XP level 5. HP: 19/41 MP: 7/7
  2731 | D:3      | Identified the +6 whip of Due Proportion {protect, *Noise
                  | rPois Int+4}
  3185 | D:4      | Noticed Natasha
  3187 | D:4      | Reached skill level 6 in Bows
  3200 | D:4      | Killed Natasha
  3467 | D:4      | Noticed a black bear
  3481 | D:4      | Killed a black bear
  3482 | D:4      | Reached XP level 6. HP: 29/50 MP: 8/8
  3729 | D:4      | Noticed Natasha
  3741 | D:4      | Killed Natasha
  3771 | D:4      | Noticed Grinder
  3804 | D:4      | Killed Grinder
  3805 | D:4      | Reached skill level 7 in Bows
  3999 | D:4      | Noticed Natasha
  4003 | D:4      | Killed Natasha
  4004 | D:4      | Reached XP level 7. HP: 57/57 MP: 9/9
  4318 | D:4      | Reached skill level 8 in Bows
  4509 | D:5      | Entered Level 5 of the Dungeon
  4897 | D:5      | Reached skill level 9 in Bows
  4897 | D:5      | Reached XP level 8. HP: 63/63 MP: 10/10
  6217 | D:6      | Learned a level 3 spell: Swiftness
  6231 | D:6      | Reached skill level 1 in Air Magic
  6344 | D:6      | Reached skill level 10 in Bows
  6864 | D:6      | Noticed Prince Ribbit
  7061 | D:5      | Killed Prince Ribbit
  7815 | D:7      | Reached XP level 9. HP: 62/71 MP: 11/11
  8144 | D:7      | Found a staircase to the Ecumenical Temple.
  8421 | D:7      | Reached skill level 11 in Bows
  8600 | Temple   | Entered the Ecumenical Temple
  8796 | D:8      | Slain by an orc warrior

Illustrated notes

Levels and vault maps discovered:
D:1:      dpeg_arrival_connections, layout_basic, minmay_pentomino_u4
D:2:      layout_basic, nicolae_ecumenical_lake_church,
          kennysheep_generic_room_3, uniq_robin
D:3:      layout_loops_ring, minitemple, minmay_misc_feat_pillars, uniq_terence
D:4:      minmay_chambers_of_threes, layout_rooms, tso_oasis_becter,
          uniq_natasha, uniq_grinder
D:5:      layout_basic
D:6:      layout_cave_pools, chequers_serial_rivers_small_a,
          kennysheep_windowed_goal, uniq_prince_ribbit1
D:7:      layout_cave_pools, lemuel_coloured_pillars_altar, temple_green
D:8:      layout_basic, nicolae_dithmenos_through_a_glass_darkly,
          grunt_lair_entry_orc_guard_hut, kennysheep_island_fort
Temple:   nicolae_temple_elliptical

Skill      XL: |  1  2  3  4  5  6  7  8  9 |
---------------+----------------------------+-----
Bows           | 4 5 6 7 9 10 11 | 11.6
Stealth        | 1 2 3 4 |  4.0
Fighting       | 2 3 4 |  4.0
Dodging        | 2 |  2.0
Air Magic      | 2 |  2.0

Action                   |  1- 3 |  4- 6 |  7- 9 || total
-------------------------+-------+-------+-------++-------
Melee: Whip              |       |    13 |   196 ||   209
       Punch             |       |     1 |     4 ||     5
 Fire: Shortbow          |   115 |   120 |   201 ||   436
Throw: Dart              |       |     7 |     1 ||     8
Evoke: Wand              |       |     2 |       ||     2
  Use: Scroll            |       |       |    13 ||    13
       Potion            |       |       |     4 ||     4
Armor: Leather armour    |    15 |    15 |    84 ||   114
Dodge: Dodged            |    22 |    57 |   189 ||   268

Table legend: (Time is in decaauts)
 A = Elapsed time spent in this place.
 B = Non-inter-level travel time spent in this place.
 C = Inter-level travel time spent in this place.
 D = Time resting spent in this place.
 E = Time spent auto-exploring this place.
 F = Levels seen in this place.
 G = Mean time per level.
                   A        B        C        D        E       F      G
               +--------+--------+--------+--------+--------+-----+--------+
         Total |   8888 |   7866 |   1022 |   2865 |   3227 |   9 |  987.6 |
       Dungeon |   8871 |   7849 |   1022 |   2865 |   3227 |   8 | 1108.9 |
        Temple |     16 |     16 |      0 |      0 |      0 |   1 |   16.0 |
               +--------+--------+--------+--------+--------+-----+--------+

Top non-repeatable levels by time:
     D:2: 1838 daAuts
     D:5: 1693 daAuts
     D:4: 1599 daAuts
     D:6: 1446 daAuts
     D:3: 857 daAuts
     D:7: 699 daAuts
     D:1: 544 daAuts
     D:8: 192 daAuts
  Temple: 16 daAuts
